 Dungeon Crawl Stone Soup version 0.28.0-53-g5a82cb258f (webtiles) character file.

Game seed: 10410942337971781107

610 Peloso the Slasher (level 7, -2/60 HPs)
             Began as a Minotaur Fighter on Aug 6, 2022.
             Was an Initiate of Okawaru.
             Killed by divine providence
             ... invoked by an orc priest
              (8 damage)
             ... on level 5 of the Dungeon.
             The game lasted 00:07:28 (4710 turns).

Peloso the Slasher (Minotaur Fighter)               Turns: 4710, Time: 00:07:28

Health: -2/60      AC: 12    Str: 21    XL:     7   Next: 20%
Magic:  6/6        EV:  3    Int:  5    God:    Okawaru [......]
Gold:   129        SH: 12    Dex: 11    Spells: 6/6 levels left

rFire   . . .      SeeInvis .   a - +0 falchion (elec)
rCold   . . .      Faith    .   c - +0 tower shield
rNeg    . . .      Spirit   .   q - +0 plate armour {rPois}
rPois   +          Reflect  .   (helmet restricted)
rElec   .          Harm     .   (no cloak)
rCorr   .          Rampage  .   (no gloves)
Will    .....                   (no boots)
Stlth   ..........              (no amulet)
HPRegen 0.20/turn               (no ring)
MPRegen 0.10/turn               (no ring)

@: no status effects
A: horns 2, retaliatory headbutt
a: Renounce Religion


You were on level 5 of the Dungeon.
You worshipped Okawaru.
Okawaru was noncommittal.
You visited 2 branches of the dungeon, and saw 6 of its levels.
You also visited: Sewer.

You collected 129 gold pieces.

Inventory:

Hand Weapons
 a - a +0 falchion of electrocution (weapon)
Armour
 b - a +1 scale mail of fire resistance
 c - a +0 tower shield (worn)
 q - a +0 plate armour of poison resistance (worn)
Scrolls
 i - a scroll of enchant armour
 j - a scroll of fear {unknown}
 m - 2 scrolls of magic mapping
 n - a scroll of immolation {unknown}
 o - a scroll of acquirement {unknown}
 p - 2 scrolls of teleportation {unknown}
Potions
 d - 4 potions of might
 e - 4 potions of haste {unknown}
 f - a potion of attraction {unknown}
 g - 3 potions of mutation {unknown}
 h - a potion of heal wounds {unknown}
 k - a potion of resistance {unknown}
 l - a potion of magic {unknown}
 r - a potion of lignification {unknown}


   Skills:
 + Level 4.9 Fighting
 + Level 6.4 Long Blades
 + Level 5.9 Armour
 + Level 2.4 Dodging
 + Level 4.6 Shields


You had 6 spell levels left.
You didn't know any spells.
Your spell library contained the following spells:

 Spells                   Type           Power      Damage    Failure   Level
 Sublimation of Blood     Necr           0%         N/A       100%        2
 Petrify                  Tmut/Erth      0%         N/A       100%        4
 Irradiate                Conj/Tmut      0%         3d14      100%        5


Dungeon Overview and Level Annotations

Branches:
Dungeon (5/15)             Temple (1/1) D:4           Sewer (visited)

Altars:
Fedhas
Hepliaklqana
Kikubaaqudgha
Makhleb
Okawaru
Sif Muna
Trog
Uskayaw
Wu Jian
Yredelemnul
The Shining One


Innate Abilities, Weirdness & Mutations

You have a pair of horns on your head.
You reflexively headbutt those who attack you in melee.


Message History

a +0 scale mail; a +0 long sword
There is a stone staircase leading down here.
You now have 129 gold pieces (gained 14).
Done exploring.
Done exploring.
Done exploring.
(D) Dungeon (T) Temple
Where to? (Enter - D:12, ? - help)
There is a stone staircase leading down here.
You climb downwards.
There is a stone staircase leading up here.
Sorry, I don't know how to get there.
Found 12 bolts.
Found a pair of gloves.
An orc warrior comes into view. It is wielding a +0 flail.
The orc warrior shouts!
An orc priest comes into view. It is wielding a +0 hand axe.
The orc priest mumbles some strange prayers to Beogh against you.
Beogh smites you! 2 orcs come into view.
The orc shouts! x2
The orc warrior hits you with a +0 flail!
You slash the orc warrior!
The orc warrior is moderately wounded.
The orc priest miscasts a cantrip.
The orc hits you but does no damage. You block the orc warrior's attack.
The orc priest invokes the aid of Beogh against you.
Beogh smites you!
You hit the orc priest. You headbutt the orc priest.
The orc priest is almost dead.
The orc hits you with a +0 club.
The orc warrior hits you with a +0 flail!
* * * LOW HITPOINT WARNING * * *
You block the orc priest's attack. You block the orc's attack.
The orc warrior hits you with a +0 flail.
* * * LOW HITPOINT WARNING * * *
You block the orc warrior's attack.
The orc priest calls down the wrath of Beogh upon you.
Beogh smites you!
You die...

....... #.# #.#....[.#
....... #.# #.##.#...#
.......###.####.##.#...#
........o#.#(...#....###
.....###o#.#.#.........#
... #...o.#.#.##..#.###
# #.#..o..#.#...###
#.#...........#
......#@##.#...#
#.#.#..#....#...#
.......#.#..#...#
.#.#.....<#..###.#
#.#..#.#.#.... .#
#....#.#.##.##### #
#....# ######


You could see an orc warrior, an orc priest and 2 orcs.

Vanquished Creatures
  A phantom (D:4)
  A kobold brigand (D:3)
  An orc priest (D:4)
  4 jellies (Sewer)
  An iguana (D:4)
  3 orc wizards
  6 adders
  A river rat (Sewer)
  An ufetubus (D:3)
  5 worms
  An adder skeleton (D:4)
  3 dart slugs
  10 orcs
  9 ball pythons
  11 bats
  16 endoplasms
  10 giant cockroaches
  5 goblins
  6 hobgoblins
  12 jackals
  4 quokkas
  6 frilled lizards
  A jackal skeleton (D:4)
  3 kobolds
  7 rats
128 creatures vanquished.

Notes
Turn   | Place    | Note
-------+----------+-------------------------------------------
     0 | D:1      | Peloso the Minotaur Fighter began the quest for the Orb.
     0 | D:1      | Reached XP level 1. HP: 19/19 MP: 0/0
    27 | D:1      | Found a faded altar of an unknown god.
   115 | D:1      | Reached XP level 2. HP: 23/27 MP: 1/1
   563 | D:2      | Reached XP level 3. HP: 25/33 MP: 2/2
   696 | D:2      | Reached skill level 3 in Long Blades
  1049 | D:2      | Reached XP level 4. HP: 32/40 MP: 3/3
  1500 | D:3      | Found a glowing drain.
  1524 | Sewer    | Entered a sewer
  1721 | Sewer    | Reached skill level 4 in Long Blades
  1925 | Sewer    | Reached skill level 5 in Armour
  1925 | Sewer    | Reached XP level 5. HP: 41/47 MP: 4/4
  1928 | Sewer    | Reached skill level 1 in Dodging
  2114 | Sewer    | Found a viscous altar of Jiyva.
  2149 | Sewer    | Reached skill level 5 in Long Blades
  2514 | D:3      | Reached XP level 6. HP: 53/53 MP: 5/5
  3783 | D:4      | Reached skill level 6 in Long Blades
  3860 | D:4      | Found a staircase to the Ecumenical Temple.
  3903 | Temple   | Entered the Ecumenical Temple
  3961 | Temple   | Became a worshipper of Warmaster Okawaru
  4155 | D:4      | Reached XP level 7. HP: 60/60 MP: 6/6
  4667 | D:5      | Entered Level 5 of the Dungeon
  4710 | D:5      | Killed from afar by an orc priest

Illustrated notes

Levels and vault maps discovered:
D:1:      lemuel_arrival_river_bridge, layout_rooms, basic_ecumenical_altar
D:2:      layout_loops_cross
D:3:      minmay_inner_zag, layout_basic, portal_sewer_entry_f
D:4:      layout_basic, minmay_temple_entry_mini_moons
D:5:      layout_basic, kennysheep_mini_moat, gammafunk_temple_overflow_pools,
          amcnicky_mini_pool_small
Temple:   regret_index_temple_waves

Skill      XL: |  1  2  3  4  5  6 |
---------------+-------------------+-----
Armour         | 4 5 |  5.9
Fighting       | 4 |  4.9
Shields        | 4 |  4.6
Long Blades    | 3 4 5 6 |  6.4
Dodging        | 2 |  2.4

Action                   |  1- 3 |  4- 6 |  7- 9 || total
-------------------------+-------+-------+-------++-------
Melee: Long sword        |    78 |   184 |    24 ||   286
       Headbutt          |     7 |    22 |     7 ||    36
       Falchion          |       |       |     8 ||     8
  Use: Scroll            |       |     2 |       ||     2
Armor: Scale mail        |    53 |    79 |       ||   132
       Chain mail        |       |       |    12 ||    12
       Plate armour      |       |       |     1 ||     1
Dodge: Dodged            |    50 |    64 |    10 ||   124
Block: Buckler           |    26 |    46 |     5 ||    77
       Tower shield      |       |       |     8 ||     8
